 Dungeon Crawl Stone Soup version 0.32-a0-391-gce5c0aab1b (webtiles) character file.

Game seed: 11561808084990083714

11335 cforsyth the Carver (level 11, -1/92 HPs)
             Began as a Coglin Gladiator on Feb 20, 2024.
             Was a Believer of Wu Jian.
             Slain by a large abomination (25 damage)
             ... on level 1 of the Abyss.
             The game lasted 00:25:23 (10600 turns).

cforsyth the Carver (Coglin Gladiator)             Turns: 10600, Time: 00:25:24

Health: -1/92      AC: 21    Str: 14    XL:     11   Next: 76%
Magic:  20/20      EV:  8    Int: 10    God:    Wu Jian [**....]
Gold:   549        SH:  0    Dex: 23    Spells: 10/10 levels left

rFire   . . .        a - +0 long sword {Akal}
rCold   . . .        k - +5 dagger (freeze) {Amenemopet}
rNeg    + + .        M - +0 plate armour
rPois   .            b - +2 helmet
rElec   .            i - +2 cloak
rCorr   .            C - +0 pair of gloves
SInv    .            B - +0 pair of boots
Will    +....        (no amulet) Stlth
                     W - ring of willpower
HPRegen 0.35/turn    h - ring "Xoxtioq" {Fly rN++ MP+9 Int+2 Dex+3}
MPRegen 0.17/turn

%: no passive effects
@: flying, revved, stiff-legged, very slow
A: off-hand wielding, slow wielding, warmup strikes, warmup strides
a: Renounce Religion, Wall Jump


You were on level 1 of the Abyss.
You worshipped Wu Jian.
Wu Jian was pleased with you.
You visited 2 branches of the dungeon, and saw 11 of its levels.
You visited the Abyss 1 time.
You also visited: Bailey.

You collected 549 gold pieces.


Innate Abilities, Weirdness & Mutations

You can wield a second weapon in your off-hand.
It takes a long time for you to wield or remove held weapons.
Your first few attacks do less damage.
Your first movements take longer.


   Skills:
 + Level 10.4 Fighting
 + Level 10.6 Long Blades
 - Level 1.7 Throwing
 + Level 5.2 Armour
 + Level 9.7 Dodging


You had 10 spell levels left.
You didn't know any spells.
Your spell library contained the following spells:

 Spells                   Type           Power      Damage    Failure   Level
 Kiss of Death            Conj/Necr      0%         2d5       100%        1
 Blink                    Tloc           0%         N/A       100%        2
 Ensorcelled Hibernation  Hex/Ice        0%         N/A       100%        2
 Lesser Beckoning         Tloc           0%         N/A       100%        2
 Momentum Strike          Conj/Tloc      0%         3d8       100%        2
 Confusing Touch          Hex            0%         N/A       100%        3
 Passwall                 Erth           0%         N/A       100%        3
 Swiftness                Air            0%         N/A       100%        3
 Dispel Undead            Necr           0%         3d6       100%        4

Inventory:

Hand Weapons
 a - a +0 long sword (weapon) {Akal}
 f - a +0 long sword {Xyghofu}
 k - a +5 dagger of freezing (worn) {Amenemopet}
 l - the +7 hand axe "Navur" {venom, *Rage rElec Dex+3}
   (You found it on level 10 of the Dungeon)

   Dex+3:     It affects your dexterity (+3).
   rElec:     It insulates you from electricity.
   *Rage:     It berserks you when you make melee attacks (+20% chance).
 x - a +2 dagger of protection {Gloria}
Missiles
 d - 4 throwing nets (quivered) {=f}
 e - a javelin
 L - 5 silver javelins
Armour
 b - a +2 helmet (worn)
 i - a +2 cloak (worn)
 B - a +0 pair of boots (worn)
 C - a +0 pair of gloves (worn)
 M - a +0 plate armour (worn)
Magical Staves
 J - a staff of conjuration {!a}
Jewellery
 h - the ring "Xoxtioq" (right grasper) {Fly rN++ MP+9 Int+2 Dex+3}
   (You found it on level 2 of the Dungeon)

   [ring of magical power]

   Int+2:     It affects your intelligence (+2).
   Dex+3:     It affects your dexterity (+3).
   rN++:      It greatly protects you from negative energy.
   MP+9:      It affects your magic capacity (+9).
   Fly:       It grants you flight.
 I - a +6 ring of intelligence
 W - a ring of willpower (left grasper)
 Z - a ring of wizardry
Wands
 r - a wand of flame (10)
 y - a wand of charming (17)
Scrolls
 g - 2 scrolls of immolation {unknown}
 j - a scroll of torment
 m - 3 scrolls of fog {unknown}
 n - 2 scrolls of blinking {unknown}
 o - 3 scrolls of enchant armour
 p - 3 scrolls of enchant weapon {unknown}
 s - 3 scrolls of noise {unknown}
 v - 2 scrolls of amnesia {unknown}
 w - 2 scrolls of summoning {unknown}
 F - a scroll of fear
 H - 2 scrolls of poison {unknown}
Potions
 c - a potion of heal wounds {@q2}
 q - a potion of mutation
 t - a potion of ambrosia
 u - a potion of invisibility {unknown}
 z - 2 potions of enlightenment
 A - a potion of cancellation
 D - a potion of berserk rage {!q}
 E - 2 potions of lignification
 G - a potion of haste {@q3}
 K - 2 potions of brilliance

Dungeon Overview and Level Annotations

Branches:
Dungeon (10/15)              Lair (1/5) D:9             Orc (0/2) D:9
 Bailey (visited)
 Temple: D:4-7

Altars:
Ashenzari
Elyvilon
Hepliaklqana
Makhleb
Qazlal
Trog
Wu Jian
Xom

Shops:
D:3 :[

Annotations:
Lair:1 Jeremiah

.. ▒.. #######
#.# #......
##.#
#......##...
...........#
.........░.#
..▒...#.#5.#
▒.......X@#
.....#.#X.#
#....▒.....#
##
#............▒
#####....#####
###....
..#...▒
.###..# # #...


You could see 2 large abominations and an iron imp.


Message History

You barely miss the large abomination with your +0 long sword.
Unknown command.
You spin and attack the large abomination repeatedly.
You puncture the large abomination with your +5 dagger of freezing!
You freeze the large abomination.
The large abomination is moderately damaged.
You hit the large abomination but do no damage.
You hit the large abomination with your +5 dagger of freezing.
You freeze the large abomination.
The large abomination is moderately damaged.
You hit the large abomination with your +0 long sword.
The large abomination hits you but does no damage.
The large abomination hits you!!
You spin and attack the large abomination.
You hit the large abomination but do no damage.
The large abomination is moderately damaged.
You hit the large abomination but do no damage.
You spin and attack the large abomination.
You hit the large abomination but do no damage.
You hit the large abomination with your +5 dagger of freezing.
You freeze the large abomination.
The large abomination closely misses you.
The large abomination hits you!
* * * LOW HITPOINT WARNING * * *
You slash the iron imp with your +0 long sword!
The iron imp is almost dead.
You hit the iron imp but do no damage. The large abomination hits you!
* * * LOW HITPOINT WARNING * * *
The large abomination hits you!!
You die...

Skill      XL: |  1  2  3  4  5  6  7  8  9 10 11 |
---------------+----------------------------------+-----
Dodging        | 3 4 5 6 7 8 9 |  9.7
Fighting       | 3 4 5 6 8 9 10 | 10.4
Long Blades    | 4 5 7 8 9 10 | 10.6
Armour         | 3 5 |  5.2
Throwing       | |  1.7

Action                     |  1- 3 |  4- 6 |  7- 9 | 10-12 || total
---------------------------+-------+-------+-------+-------++-------
  Melee: Long sword        |    60 |   187 |   296 |   424 ||   967
         Dagger            |       |     7 |   279 |   416 ||   702
  Throw: Javelin           |       |       |       |     4 ||     4
Ability: Lunge             |       |       |    22 |    15 ||    37
         Whirlwind         |       |       |       |    99 ||    99
  Evoke: Wand              |       |       |     1 |     3 ||     4
    Use: Scroll            |       |       |       |    21 ||    21
         Potion            |       |       |       |     4 ||     4
   Stab: Distracted        |       |       |     1 |       ||     1
 Armour: Leather armour    |    14 |       |       |       ||    14
         Chain mail        |    10 |    78 |   238 |    18 ||   344
         Plate armour      |       |       |       |   398 ||   398
  Dodge: Dodged            |    27 |    64 |   149 |   147 ||   387

Levels and vault maps discovered:
D:1:      amcnicky_arrival_single_pillar, layout_rooms, serial_forest,
          infiniplex_forest_clump_double, infiniplex_forest_clump_tiny,
          infiniplex_forest_clump_double, infiniplex_forest_lined_corner,
          infiniplex_forest_clump_tiny, infiniplex_forest_lined_4_way,
          dreamdust_princess_bridge, st_stairs_14, minmay_tromino_i2
D:2:      layout_basic, shapermc_ecumenical_altar_gd,
          kennysheep_generic_room_14, uniq_robin
D:3:      layout_rooms, mainiacjoe_overflow_paths, lemuel_tele_altar,
          serial_shops, nicolae_shop_crystal, shop, amethyst_killhole,
          uniq_sigmund
D:4:      layout_loops_ring, lemuel_round_altar, chequers_serial_rivers_room_a,
          mrwooster_statue_mirror, minmay_bent
D:5:      layout_gridville, minmay_misc_feat_ornament, uniq_eustachio,
          uniq_menkaure, uniq_pikel, uniq_grinder
D:6:      cheibrodos_quashed, layout_basic, minmay_starry_boxes,
          uniq_blork_the_orc
D:7:      layout_basic, temple_hall
D:8:      layout_loops_ring, mainiacjoe_overflow_small_starburst,
          mainiacjoe_overflow_alcove_4, grunt_temple_overflow_champion_of_chaos,
          hangedman_decor_push
D:9:      layout_basic, nicolae_hepliaklqana_hazy_memory, david_lair_generic,
          serial_glass, glass_columns_c, glass_columns_a
D:10:     layout_basic, enter_bailey_2, uniq_psyche, uniq_maurice
Lair:1:   layout_chaotic_city, lemuel_fruit_tree, infiniplex_staircase_pool_2,
          grunt_megastairs_1, lemuel_fruit_fields, uniq_jeremiah
Abyss:1:  base:
D:1

Notes
Turn   | Place    | Note
-------+----------+-------------------------------------------
     0 | D:1      | cforsyth the Coglin Gladiator began the quest for the Orb.
     0 | D:1      | Reached XP level 1. HP: 16/16 MP: 1/1
    84 | D:1      | Reached XP level 2. HP: 22/22 MP: 2/2
   169 | D:1      | Reached skill level 3 in Dodging
   223 | D:1      | Reached XP level 3. HP: 20/28 MP: 3/3
   645 | D:2      | Reached skill level 3 in Fighting
   645 | D:2      | Reached XP level 4. HP: 26/35 MP: 4/4
   688 | D:2      | Found a faded altar of an unknown god.
  1000 | D:2      | Noticed Robin
  1023 | D:2      | Reached XP level 5. HP: 40/41 MP: 5/5
  1027 | D:3      | Reached skill level 4 in Long Blades
  1148 | D:2      | Killed Robin
  1479 | D:2      | Identified the ring "Xoxtioq" {Fly rN++ MP+9 Int+2 Dex+3}
  1793 | D:3      | Noticed Sigmund
  1814 | D:3      | Killed Sigmund
  1814 | D:3      | HP: 3/41 [orc/+0 flail (7)]
  1815 | D:3      | Reached skill level 4 in Fighting
  1815 | D:3      | Reached skill level 4 in Dodging
  1815 | D:3      | Reached XP level 6. HP: 3/48 MP: 6/6
  2121 | D:3      | Found Osomytz's Book Shoppe.
  2173 | D:3      | Found a stormy altar of Qazlal.
  2233 | D:3      | Found a broken altar of Ashenzari.
  2366 | D:3      | Found Poxox's Antique Armour Shop.
  2542 | D:4      | Reached skill level 5 in Long Blades
  2542 | D:4      | Reached XP level 7. HP: 55/55 MP: 7/7
  3136 | D:4      | Found an ornate altar of the Wu Jian Council.
  3143 | D:4      | Became a worshipper of the Wu Jian Council
  3421 | D:5      | Entered Level 5 of the Dungeon
  3424 | D:5      | Noticed Grinder
  3429 | D:5      | Reached skill level 5 in Fighting
  3429 | D:5      | Reached skill level 5 in Dodging
  3437 | D:5      | Killed Grinder
  3438 | D:5      | Reached XP level 8. HP: 58/63 MP: 8/8
  3781 | D:4      | Reached skill level 6 in Long Blades
  3897 | D:5      | Noticed Pikel
  3963 | D:5      | Killed Pikel
  3964 | D:5      | Reached skill level 6 in Fighting
  3964 | D:5      | Reached skill level 6 in Dodging
  4005 | D:5      | Noticed Menkaure
  4010 | D:5      | Killed Menkaure
  4225 | D:5      | Noticed Eustachio
  4244 | D:5      | Killed Eustachio
  4245 | D:5      | Reached skill level 7 in Long Blades
  4245 | D:5      | Reached XP level 9. HP: 70/71 MP: 9/9
  4659 | D:6      | Reached skill level 7 in Fighting
  4839 | D:6      | Reached * piety under Wu Jian
  4840 | D:6      | Reached skill level 7 in Dodging
  5103 | D:6      | Noticed Blork the orc
  5107 | D:6      | Killed Blork the orc
  6040 | D:7      | Reached skill level 8 in Long Blades
  6379 | D:8      | Reached skill level 8 in Fighting
  6384 | D:8      | Found a bloodstained altar of Trog.
  6694 | D:8      | Reached XP level 10. HP: 80/80 MP: 10/10
  6705 | D:8      | Found a shimmering altar of Xom.
  6705 | D:8      | Found a burning altar of Makhleb.
  6846 | D:8      | Found a white marble altar of Elyvilon.
  6919 | D:8      | HP: 8/82 [orc warrior/+0 hand axe (1)]
  6921 | D:8      | Reached skill level 8 in Dodging
  7421 | D:9      | Found a staircase to the Lair.
  7434 | D:9      | Reached skill level 1 in Armour
  7437 | D:9      | Reached skill level 9 in Long Blades
  7443 | D:9      | Identified the +6 flail of Oclann {flame, rN+}
  7466 | D:9      | Found a hazy altar of Hepliaklqana.
  7515 | D:9      | Found a staircase to the Orcish Mines.
  8005 | D:9      | Reached skill level 9 in Fighting
  8005 | D:9      | Reached skill level 2 in Armour
  8265 | D:9      | Noticed a skeletal warrior
  8265 | D:9      | Noticed a skeletal warrior
  8565 | D:9      | Noticed a skeletal warrior
  8566 | Lair:1   | Entered Level 1 of the Lair of Beasts
  8793 | Lair:1   | Noticed a cane toad
  8813 | Lair:1   | Killed a cane toad
  8814 | Lair:1   | Reached skill level 3 in Armour
  9026 | Lair:1   | Reached XP level 11. HP: 75/89 MP: 11/11
  9027 | Lair:1   | Reached ** piety under Wu Jian
  9062 | Lair:1   | Reached skill level 9 in Dodging
  9087 | Lair:1   | Reached skill level 4 in Armour
  9091 | Lair:1   | Reached skill level 10 in Long Blades
  9232 | Lair:1   | Noticed Jeremiah
  9351 | Lair:1   | Reached skill level 10 in Fighting
  9358 | D:9      | Noticed a skeletal warrior
  9848 | D:10     | Entered Level 10 of the Dungeon
  9887 | D:10     | Found a flagged portal.
  9901 | D:10     | Identified the +7 hand axe "Navur" {venom, *Rage rElec
                  | Dex+3}
  9948 | Bailey   | Entered a bailey
 10123 | Bailey   | Noticed a vault guard
 10146 | Bailey   | Noticed Prince Ribbit
 10146 | Bailey   | Noticed a vault guard
 10161 | Bailey   | Killed a vault guard
 10165 | Bailey   | Killed Prince Ribbit
 10166 | Bailey   | Reached skill level 5 in Armour
 10167 | Bailey   | Killed a vault guard
 10555 | D:10     | You are cast into the Abyss!
 10555 | Abyss:1  | Cast into level 1 of the Abyss (gnoll sergeant)
 10592 | Abyss:1  | Noticed a large abomination
 10600 | Abyss:1  | Slain by a large abomination

Vanquished Creatures
  2 vault guards (Bailey)
  Pikel (D:5)
  An elephant (Lair:1)
  A cane toad (Lair:1)
  A rime drake (Lair:1)
  A troll (D:10)
  Grinder (D:5)
  Prince Ribbit (Bailey)
  Sigmund (D:3)
  2 wyverns (D:8)
  A wraith (D:9)
  Eustachio (D:5)
  14 yaks
  4 humans (Bailey)
  2 basilisks (D:9)
  A steam dragon (D:8)
  2 vampire mosquitoes (D:9)
  Menkaure (D:5)
  2 water moccasins (Lair:1)
  2 acid dragons
  3 orc warriors
  2 sky beasts (D:6)
  9 wolves (Lair:1)
  A centaur (D:7)
  2 phantoms
  A lemure (D:4)
  Blork the orc (D:6)
  A scorpion (D:5)
  14 bullfrogs
  A gnoll sergeant (D:4)
  3 wights (D:8)
  5 killer bees (D:10)
  A howler monkey (D:9)
  A crimson imp (D:8)
  3 hounds
  5 jellies
  4 orc priests
  2 iguanas
  2 sleepcaps (D:6)
  2 orc wizards
  Robin (D:2)
  5 adders
  16 gnolls
  3 shadow imps
  A white imp (D:7)
  2 ufetubi (D:7)
  4 ribbon worms
  2 dart slugs
  19 orcs
  7 endoplasms
  2 giant cockroaches
  23 goblins
  13 hobgoblins
  7 kobolds
  4 quokkas
  7 ball pythons
  6 bats
  5 frilled lizards
  10 rats
242 creatures vanquished.

Table legend: (Time is in decaauts)
 A = Elapsed time spent in this place.
 B = Non-inter-level travel time spent in this place.
 C = Inter-level travel time spent in this place.
 D = Time resting spent in this place.
 E = Time spent auto-exploring this place.
 F = Levels seen in this place.
 G = Mean time per level.
                   A        B        C        D        E       F      G
               +--------+--------+--------+--------+--------+-----+--------+
         Total |  10823 |  10349 |    474 |   1422 |   6542 |  13 |  832.5 |
       Dungeon |   9557 |   9083 |    474 |   1313 |   5862 |  10 |  955.7 |
          Lair |    776 |    776 |      0 |     90 |    384 |   1 |  776.0 |
         Abyss |     45 |     45 |      0 |      0 |      0 |   1 |   45.0 |
        Bailey |    443 |    443 |      0 |     19 |    296 |   1 |  443.0 |
               +--------+--------+--------+--------+--------+-----+--------+

Top non-repeatable levels by time:
     D:8: 1724 daAuts
     D:6: 1239 daAuts
     D:5: 1142 daAuts
     D:2: 1048 daAuts
     D:4: 1010 daAuts
     D:9: 991 daAuts
     D:3: 930 daAuts
  Lair:1: 776 daAuts
     D:1: 677 daAuts
     D:7: 532 daAuts
  Bailey: 443 daAuts
    D:10: 259 daAuts
 Abyss:1: 45 daAuts

Table legend:
 A = Non-vault XP
 B = Vault XP
 C = Vault XP percentage of total XP
 D = Non-vault monster count
 E = Vault monster count
 F = Vault count percentage of total count
                 A         B        C        D         E       F
            +---------+---------+-------+---------+---------+-------
      Total |    9933 |    6261 |  38.7 |     179 |      62 |  25.7
            +---------+---------+-------+---------+---------+-------
        D:1 |      67 |       7 |   9.5 |      25 |       3 |  10.7
        D:2 |     107 |      39 |  26.7 |      21 |       9 |  30.0
        D:3 |      78 |     233 |  74.9 |      17 |       4 |  19.0
        D:4 |     351 |      94 |  21.1 |      23 |       7 |  23.3
        D:5 |     289 |    1285 |  81.6 |      10 |       4 |  28.6
        D:6 |     854 |     309 |  26.6 |      18 |       6 |  25.0
        D:7 |     311 |       0 |   0.0 |       9 |       0 |   0.0
        D:8 |    1241 |     245 |  16.5 |      17 |       2 |  10.5
        D:9 |     878 |     594 |  40.4 |       6 |       3 |  33.3
       D:10 |     632 |       0 |   0.0 |       6 |       0 |   0.0
     Lair:1 |    5125 |     495 |   8.8 |      27 |       3 |  10.0
     Bailey |       0 |    2960 | 100.0 |       0 |      21 | 100.0
            +---------+---------+-------+---------+---------+-------
